 Dungeon Sprint DCSS version 0.14.2 (webtiles) character file.

12579 esc the Brawler (level 11, -3/127 HPs)
             Began as a Troll Monk on Mar 4, 2017.
             Was the Champion of Zin.
             Slain by a 13-headed hydra (5 damage)
             ... while paralysed by a giant eyeball
             ... in the Dungeon (Sprint I: "Red Sonja").
             The game lasted 00:13:24 (1713 turns).

esc the Brawler (Troll Monk)                        Turns: 1713, Time: 00:13:24

HP  -3/127       AC 13     Str 25      XL: 11   Next: 57%
MP  20/20        EV  1     Int 10      God: Zin [******]
Gold 489         SH  0     Dex 12      Spells:  0 memorised, 10 levels left

rFire  . . .     SeeInvis .       - Unarmed
rCold  . . .     Clarity  .     o - +2 mottled dragon armour of Mezcal {Str+1 Int+4 Dam+5}
rNeg   . . .     Conserve +     (shield restricted)
rPois  .         rCorr    +     (helmet restricted)
rElec  .         rRot     .     i - +1 cloak {rCorr, Cons}
SustAb . .       Spirit   .     (gloves unavailable)
rMut   .         Warding  .     (boots unavailable)
Gourm  +         NoTele   +     (no amulet)
MR     .....                    (no ring)
                                (no ring)

@: paralysed, not resistant to hostile enchantments, unstealthy
A: unfitting armour, claws 3, fast metabolism 3, gourmand, regeneration 2,
saprovore 2, shaggy fur 1, tough skin 2
a: Recite, Vitalisation, Imprison, Sanctuary, Cure All Mutations, Renounce
Religion


You were in the Dungeon.
You worshipped Zin.
Zin was exalted by your worship.
You were completely stuffed.

You visited 1 branch You collected 1831 gold pieces.
You spent 1310 gold pieces at shops.
You donated 32 gold pieces.

Inventory:

Hand weapons
 d - a +0 blowgun
Missiles
 g - 4 curare-tipped needles
Armour
 i - a +1 cloak of preservation (worn)
 o - the +2 mottled dragon armour of Mezcal (worn) {Str+1 Int+4 Dam+5}
   (You bought it in a shop in the Dungeon)

   It affects your strength (+1).
   It affects your intelligence (+4).
   It affects your damage with ranged weapons and melee attacks (+5).
Comestibles
 a - a chunk of hog flesh
 b - a meat ration
Scrolls
 h - 2 scrolls of blinking
 j - a scroll of identify {unknown}
 k - a scroll of remove curse {unknown}
 m - a scroll of enchant weapon I {unknown}
Potions
 c - 4 potions of curing
 e - a potion of haste
 f - 2 potions of magic
Books
 n - a tome of Destruction


   Skills:
 + Level 13.3 Fighting
 + Level 3.0 Armour
 + Level 13.3 Dodging
 - Level 1.1 Stealth
 + Level 15.6 Unarmed Combat
 + Level 9.3 Invocations


You had 10 spell levels left.
You didn't know any spells.

Dungeon Overview and Level Annotations

Branches:
Dungeon (1/1)

Altars:
Fedhas
Kikubaaqudgha
Sif Muna
Vehumet
Zin
The Shining One

Shops:
D ?%*[:!(%%(:[%[=*=:([(


Innate Abilities, Weirdness & Mutations

You are too large for most types of armour.
You have claws for hands.
Your metabolism is lightning-fast.
You like to eat raw meat.
You heal very quickly.
You can eat rotten meat.
You are covered in fur (AC +1).
You have very tough skin (AC +2).


Message History

The 13-headed hydra bites you! The 13-headed hydra bites you.
The 13-headed hydra bites you but does no damage.
The 13-headed hydra bites you. The 13-headed hydra bites you!
The 13-headed hydra bites you.
* * * LOW HITPOINT WARNING * * *
The 13-headed hydra bites you!
* * * LOW HITPOINT WARNING * * *
The 13-headed hydra bites you but does no damage. x5
The 13-headed hydra bites you.
* * * LOW HITPOINT WARNING * * *
The 13-headed hydra bites you!
* * * LOW HITPOINT WARNING * * *
The 13-headed hydra bites you!
* * * LOW HITPOINT WARNING * * *
The 13-headed hydra bites you but does no damage.
The 13-headed hydra bites you.
* * * LOW HITPOINT WARNING * * *
The 13-headed hydra bites you but does no damage.
The 13-headed hydra bites you.
You die...

#####################
..#)[#§§..%§§.§§@DG$#
..##'#§####§§§§§##$.+
).'.§#§# ##..§## ##
###.§'.# ###+#
.##+#### §# .# '###
.'.#


You could see a 13-headed hydra (bleeding) and a giant eyeball.

Vanquished Creatures
  2 centaur warriors (D)
  2 unseen horrors (D)
  A deep troll (D)
  A lindwurm (D)
  8 shining eyes (D)
  An oklob plant (D)
  4 demonic crawlers (D)
  2 kobold demonologists (D)
  Sonja (D)
  A slime creature (D)
  4 trapdoor spiders (D)
  An elephant slug (D)
  13 hogs (D)
  7 necrophages (D)
  A yellow wasp (D)
  An ogre (D)
  Sigmund (D)
  7 pulsating lumps (D)
  A jelly (D)
  Ijyb (D)
  6 giant eyeballs (D)
  4 ballistomycetes (D)
70 creatures vanquished.

Vanquished Creatures (others)
  A gargoyle (D)
  2 giant spores (D)
3 creatures vanquished.

Grand Total: 73 creatures vanquished

Notes
Turn   | Place    | Note
--------------------------------------------------------------
     0 | D        | esc, the Troll Monk, began the quest for the Orb.
     0 | D        | Reached XP level 1. HP: 22/22 MP: 1/1
     2 | D        | Noticed Ijyb
    12 | D        | Killed Ijyb
    12 | D        | Reached XP level 2. HP: 17/31 MP: 1/1
    39 | D        | Noticed an ogre
    44 | D        | Killed an ogre
    44 | D        | Reached skill level 6 in Unarmed Combat
    44 | D        | Reached XP level 3. HP: 38/41 MP: 2/2
    44 | D        | Reached XP level 4. HP: 45/49 MP: 2/2
    60 | D        | Noticed Sigmund
    68 | D        | Killed Sigmund
    68 | D        | Reached skill level 5 in Fighting
    68 | D        | Reached skill level 5 in Dodging
    68 | D        | Reached skill level 7 in Unarmed Combat
    68 | D        | Reached XP level 5. HP: 36/59 MP: 2/2
   117 | D        | Found a blossoming altar of Fedhas.
   118 | D        | Noticed a jelly
   119 | D        | Found a glowing golden altar of the Shining One.
   124 | D        | Killed a jelly
   158 | D        | Found Phatul's Armour Emporium.
   158 | D        | Found a radiant altar of Vehumet.
   158 | D        | Found a blossoming altar of Fedhas.
   158 | D        | Found an ancient bone altar of Kikubaaqudgha.
   158 | D        | Found a radiant altar of Vehumet.
   158 | D        | Noticed an elephant slug
   175 | D        | Killed an elephant slug
   175 | D        | Reached skill level 8 in Unarmed Combat
   175 | D        | Reached XP level 6. HP: 30/71 MP: 3/3
   182 | D        | Found a deep blue altar of Sif Muna.
   241 | D        | Found a glowing silver altar of Zin.
   241 | D        | Found a glowing golden altar of the Shining One.
   241 | D        | Found a blossoming altar of Fedhas.
   241 | D        | Found an ancient bone altar of Kikubaaqudgha.
   241 | D        | Noticed a slime creature
   252 | D        | Killed a slime creature
   252 | D        | Reached skill level 9 in Unarmed Combat
   252 | D        | Reached XP level 7. HP: 42/79 MP: 3/3
   254 | D        | Became a worshipper of Zin the Law-Giver
   254 | D        | Acquired Zin's first power
   254 | D        | Acquired Zin's second power
   254 | D        | Acquired Zin's third power
   254 | D        | Acquired Zin's fourth power
   322 | D        | Noticed a kobold demonologist
   323 | D        | Noticed a kobold demonologist
   324 | D        | Noticed a hellwing
   324 | D        | Paralysed by a giant eyeball for 2 turns
   332 | D        | Killed a kobold demonologist
   332 | D        | Reached skill level 10 in Unarmed Combat
   337 | D        | Killed a kobold demonologist
   337 | D        | Reached XP level 8. HP: 52/91 MP: 3/3
   400 | D        | Noticed a demonic crawler
   400 | D        | Noticed a demonic crawler
   400 | D        | Noticed a demonic crawler
   400 | D        | Noticed a demonic crawler
   405 | D        | Killed a demonic crawler
   405 | D        | Reached skill level 11 in Unarmed Combat
   408 | D        | Killed a demonic crawler
   413 | D        | Killed a demonic crawler
   419 | D        | Killed a demonic crawler
   419 | D        | Reached skill level 10 in Fighting
   419 | D        | Reached skill level 10 in Dodging
   419 | D        | Reached skill level 12 in Unarmed Combat
   508 | D        | Killed a gargoyle
   538 | D        | Noticed Sonja
   546 | D        | Killed Sonja
   546 | D        | Reached XP level 9. HP: 101/101 MP: 4/4
   639 | D        | Noticed a deep troll
   649 | D        | Killed a deep troll
   761 | D        | Found Shuaqyesy's Armour Emporium.
   768 | D        | Bought a +1 cloak of preservation for 365 gold pieces
   784 | D        | Found Ynufasu's Magic Scroll Boutique.
   793 | D        | Bought a scroll of blinking for 90 gold pieces
   800 | D        | Noticed a shining eye
   800 | D        | Noticed a shining eye
   801 | D        | Noticed a shining eye
   801 | D        | Noticed a shining eye
   801 | D        | Noticed a shining eye
   801 | D        | Noticed a shining eye
   802 | D        | Paralysed by a giant eyeball for 2 turns
   805 | D        | Killed a shining eye
   805 | D        | Reached skill level 13 in Unarmed Combat
   806 | D        | Paralysed by a giant eyeball for 4 turns
   814 | D        | Paralysed by a giant eyeball for 4 turns
   827 | D        | Killed a shining eye
   832 | D        | Killed a shining eye
   836 | D        | Killed a shining eye
   836 | D        | Reached XP level 10. HP: 114/114 MP: 6/11
   841 | D        | Killed a shining eye
   845 | D        | Killed a shining eye
   845 | D        | Reached skill level 5 in Invocations
   846 | D        | Noticed a shining eye
   846 | D        | Noticed a shining eye
   857 | D        | Killed a shining eye
   857 | D        | Reached skill level 14 in Unarmed Combat
   862 | D        | Killed a shining eye
   865 | D        | Found Fugoil's Food Shoppe.
   865 | D        | Found Clet's Book Shop.
   865 | D        | Found Potor's Assorted Antiques.
   865 | D        | Found Zinargh's Distillery.
   924 | D        | Noticed a centaur warrior
   924 | D        | Noticed a centaur warrior
   929 | D        | Killed a centaur warrior
   932 | D        | Killed a centaur warrior
   990 | D        | Noticed a yellow wasp
   993 | D        | Killed a yellow wasp
  1005 | D        | Noticed an oklob plant
  1011 | D        | Killed an oklob plant
  1023 | D        | Noticed a trapdoor spider
  1028 | D        | Killed a trapdoor spider
  1114 | D        | Noticed a trapdoor spider
  1115 | D        | Killed a trapdoor spider
  1144 | D        | Noticed a trapdoor spider
  1146 | D        | Noticed a trapdoor spider
  1147 | D        | Killed a trapdoor spider
  1147 | D        | Reached XP level 11. HP: 84/124 MP: 18/18
  1150 | D        | Killed a trapdoor spider
  1275 | D        | Killed an unseen horror
  1281 | D        | Killed an unseen horror
  1281 | D        | Reached skill level 15 in Unarmed Combat
  1354 | D        | Noticed a pulsating lump
  1354 | D        | Noticed a pulsating lump
  1354 | D        | Noticed a pulsating lump
  1358 | D        | Noticed a pulsating lump
  1358 | D        | Noticed a pulsating lump
  1358 | D        | Noticed a pulsating lump
  1358 | D        | Noticed a pulsating lump
  1360 | D        | Noticed a necrophage
  1360 | D        | Noticed a necrophage
  1367 | D        | Killed a pulsating lump
  1372 | D        | Killed a pulsating lump
  1373 | D        | Killed a pulsating lump
  1375 | D        | Killed a necrophage
  1380 | D        | Killed a pulsating lump
  1381 | D        | Killed a necrophage
  1389 | D        | Killed a pulsating lump
  1396 | D        | Killed a pulsating lump
  1400 | D        | Killed a pulsating lump
  1406 | D        | Noticed a necrophage
  1406 | D        | Noticed a necrophage
  1407 | D        | Noticed a necrophage
  1407 | D        | Noticed a necrophage
  1408 | D        | Noticed a necrophage
  1419 | D        | Killed a necrophage
  1423 | D        | Killed a necrophage
  1428 | D        | Killed a necrophage
  1433 | D        | Killed a necrophage
  1438 | D        | Killed a necrophage
  1466 | D        | Found Behidd's Food Shoppe.
  1466 | D        | Found Otuhoxemp's Antique Weapon Shop.
  1466 | D        | Found Strigh's Food Boutique.
  1468 | D        | Found Blosaik's Weapon Emporium.
  1468 | D        | Found Koefaw's Book Shop.
  1468 | D        | Found Muniskur's Antique Armour Shoppe.
  1468 | D        | Found Ujejutoi's Food Boutique.
  1468 | D        | Found Lom Reufent's Armour Emporium.
  1468 | D        | Found Clepach's Jewellery Shop.
  1468 | D        | Found Kluat's General Store.
  1468 | D        | Found Frurikkoas' Jewellery Boutique.
  1472 | D        | Found Riec's Antique Weapon Emporium.
  1472 | D        | Found Plog's Book Boutique.
  1473 | D        | Found Phailar's Weapon Emporium.
  1490 | D        | Bought a jewelled mottled dragon armour for 855 gold pieces
  1500 | D        | Identified the +2 mottled dragon armour of Mezcal {Str+1 Int+4 Dam+5} (You bought it in a shop in the Dungeon)
  1558 | D        | Noticed a lindwurm
  1560 | D        | Killed a lindwurm
  1560 | D        | Reached skill level 1 in Armour
  1598 | D        | Noticed a hog
  1598 | D        | Noticed a hog
  1598 | D        | Noticed a hog
  1598 | D        | Noticed a hog
  1598 | D        | Noticed a hog
  1598 | D        | Noticed a hog
  1598 | D        | Noticed a hog
  1601 | D        | Noticed a hog
  1601 | D        | Noticed a hog
  1602 | D        | Noticed a hog
  1602 | D        | Killed a hog
  1603 | D        | Killed a hog
  1607 | D        | Killed a hog
  1613 | D        | Noticed a hog
  1615 | D        | Killed a hog
  1619 | D        | Noticed a hog
  1620 | D        | Killed a hog
  1623 | D        | Killed a hog
  1629 | D        | Killed a hog
  1631 | D        | Killed a hog
  1632 | D        | Killed a hog
  1633 | D        | Killed a hog
  1635 | D        | Noticed a hog
  1637 | D        | Killed a hog
  1642 | D        | Killed a hog
  1644 | D        | Killed a hog
  1709 | D        | Noticed a 12-headed hydra
  1710 | D        | Paralysed by a giant eyeball for 4 turns
  1713 | D        | HP: 2/127 [13-headed hydra (5)]
  1713 | D        | Slain by a 13-headed hydra

Action                   |  1- 3 |  4- 6 |  7- 9 | 10-12 || total
-------------------------+-------+-------+-------+-------++-------
Melee: Unarmed           |    11 |    32 |    69 |   156 ||   268
Invok: Recite            |       |       |     5 |     2 ||     7
  Use: Potion            |       |     1 |     1 |       ||     2
 Stab: Confused          |       |       |     2 |     1 ||     3
       Sleeping          |       |       |       |     1 ||     1
